 Dungeon Crawl Stone Soup version 0.31-a0-740-g87205ac768 (webtiles) character file.

Game seed: 16563255592301657890

259285 Dirtsage the Severer (level 19, -16/161 HPs)
             Began as a Demonspawn Berserker on Sept 12, 2023.
             Was the Champion of Trog.
             Killed by a resonance strike
             ... invoked by Zenata
              (23 damage)
             ... on level 2 of the Elven Halls on Sept 13, 2023.
             The game lasted 01:44:18 (27674 turns).

Dirtsage the Severer (Demonspawn Berserker)        Turns: 27674, Time: 01:44:19

Health: -16/161    AC: 25    Str: 24    XL:     19   Next: 14%
Magic:  19/19      EV:  8    Int: 13    God:    Trog [******]
Gold:   1477       SH: 18    Dex: 14    Spells: 18/18 levels left

rFire   + + .        G - +9 broad axe (heavy)
rCold   . . .        c - +2 buckler "Lukheud" {Rampage Regen+}
rNeg    + . .        N - +3 plate armour "Idaonn Ysche" {rF++ Int-2}
rPois   .            T - +1 helmet of Rotation {Will++}
rElec   +            S - +1 cloak of Ashirila {Will+ Slay+5}
rCorr   +            y - +0 pair of gloves
SInv    .            (boots unavailable)
Will    ++++.        E - amulet of regeneration Stlth
                     Y - ring "Pefot" {rElec rN+ Slay+3}
HPRegen 2.06/turn    j - ring "Liryt" {rElec rCorr Int+6 Slay+2}
MPRegen 0.16/turn

%: rampage
@: lethally poisoned (-16 -> -18), about to teleport, studying 2 skills
A: hooves 3, large bone plates 3, ignite blood 2, spiny 2
}: 2/15 runes: barnacled, gossamer
a: Renounce Religion, Berserk, Trog's Hand, Brothers in Arms


You were on level 2 of the Elven Halls.
You worshipped Trog.
Trog was exalted by your worship.
You visited 8 branches of the dungeon, and saw 30 of its levels.
You also visited: Gauntlet, Ice Cave and Desolation.

You collected 3077 gold pieces.
You spent 1600 gold pieces at shops.

Inventory:

Hand Weapons
 G - a +9 heavy broad axe (weapon)
 R - the +8 hand axe of Piyrph {protect, Fly rC+++ Str-5 Dex-4}
   (You found it on level 3 of the Spider Nest)

   Str-5:     It affects your strength (-5).
   Dex-4:     It affects your dexterity (-4).
   rC+++:     It renders you almost immune to cold.
   Fly:       It grants you flight.
Missiles
 K - 2 throwing nets
 U - 8 silver javelins
Armour
 c - the +2 buckler "Lukheud" (worn) {Rampage Regen+}
   (You acquired it on level 6 of the Dungeon)

   Regen+:    It increases your rate of health regeneration.
   Rampage:   It bestows one free step when moving towards enemies.
 o - the +1 plate armour of Seonybo {Contam Rampage Str+2 Int+5 Stlth+}
   (You found it in the Desolation of Salt)

   Str+2:     It affects your strength (+2).
   Int+5:     It affects your intelligence (+5).
   Contam:    It causes magical contamination when unequipped.
   Rampage:   It bestows one free step when moving towards enemies.
   Stlth+:    It makes you more stealthy.
 p - a scarf of repulsion
 y - a +0 pair of gloves (worn)
 z - the +7 chain mail "Offikoz" {rF+}
   (You found it on level 11 of the Dungeon)

   rF+:       It protects you from fire.
 N - the +3 plate armour "Idaonn Ysche" (worn) {rF++ Int-2}
   (You found it in the Desolation of Salt)

   Int-2:     It affects your intelligence (-2).
   rF++:      It greatly protects you from fire.
 S - the +1 cloak of Ashirila (worn) {Will+ Slay+5}
   (You found it in a Gauntlet)

   Slay+5:    It affects your accuracy & damage with ranged weapons and melee
   (+5).
   Will+:     It increases your willpower.
 T - the +1 helmet of Rotation (worn) {Will++}
   (You found it in a Gauntlet)

   Will++:    It greatly increases your willpower.
Jewellery
 j - the ring "Liryt" (right hand) {rElec rCorr Int+6 Slay+2}
   (You took it off an imperial myrmidon in the Desolation of Salt)

   [ring of intelligence]

   Int+6:     It affects your intelligence (+6).
   Slay+2:    It affects your accuracy & damage with ranged weapons and melee
   (+2).
   rElec:     It insulates you from electricity.
   rCorr:     It protects you from acid and corrosion.
 C - the amulet "Butz" {RegenMP Fly rPois rN++}
   (You took it off an ironbound convoker in the Desolation of Salt)

   [amulet of magic regeneration]

   RegenMP:   It increases your rate of magic regeneration.
   rPois:     It protects you from poison rN++: It greatly protects you from
   negative energy.
   Fly:       It grants you flight.
 E - an amulet of regeneration (around neck)
 F - a ring of protection from fire
 I - a ring of protection from cold
 O - the ring of Xom's Amusement {rN+ Str+2 Dex+3}
   (You found it in the Desolation of Salt)

   [ring of positive energy]

   Str+2:     It affects your strength (+2).
   Dex+3:     It affects your dexterity (+3).
   rN+:       It protects you from negative energy.
 X - an amulet of reflection
 Y - the ring "Pefot" (left hand) {rElec rN+ Slay+3}
   (You found it on level 7 of the Dungeon)

   [ring of positive energy]

   Slay+3:    It affects your accuracy & damage with ranged weapons and melee
   (+3).
   rElec:     It insulates you from electricity.
   rN+:       It protects you from negative energy.
 Z - the ring of Vaquxiwk {rPois rCorr EV+5 Str-3}
   (You bought it in a shop on level 2 of the Orcish Mines)

   [ring of evasion]

   EV+5:      It affects your evasion (+5).
   Str-3:     It affects your strength (-3).
   rPois:     It protects you from poison rCorr: It protects you from acid and
   corrosion.
Wands
 A - a wand of light (20)
 D - a wand of digging (10)
 J - a wand of flame (15)
 L - a wand of paralysis (7)
Scrolls
 f - 3 scrolls of noise
 g - 3 scrolls of fear
 i - 4 scrolls of identify
 k - 5 scrolls of enchant weapon
 m - 7 scrolls of fog
 n - 9 scrolls of vulnerability
 r - 3 scrolls of summoning
 t - 15 scrolls of teleportation
 u - 3 scrolls of immolation
 v - 5 scrolls of poison
 x - a scroll of revelation
 B - 10 scrolls of blinking
 M - 3 scrolls of silence
 Q - 3 scrolls of enchant armour
Potions
 a - 2 potions of cancellation
 b - 3 potions of lignification
 d - 7 potions of might
 e - 7 potions of enlightenment
 h - 9 potions of haste
 l - 2 potions of heal wounds
 q - 3 potions of curing
 s - 4 potions of attraction
 w - 9 potions of brilliance
 H - 5 potions of mutation
 P - 3 potions of invisibility
 V - a potion of berserk rage
 W - 5 potions of ambrosia


   Skills:
 + Level 17.5 Fighting
 - Level 18.7 Axes
 - Level 13.5 Armour
 - Level 1.9 Dodging
 - Level 16.6 Shields
 - Level 9.2 Evocations
 * Level 12.2 Shapeshifting


You had 18 spell levels left.
You didn't know any spells.
Your spell library contained the following spells:

 Spells                   Type           Power      Damage    Failure   Level
 Apportation              Tloc           0%         N/A       96%         1
 Foxfire                  Conj/Fire      0%         2x1d4     96%         1
 Freeze                   Ice            0%         1d3       96%         1
 Kiss of Death            Conj/Necr      0%         2d5       96%         1
 Necrotise                Necr           0%         1d4       96%         1
 Shock                    Conj/Air       0%         1d3       96%         1
 Ensorcelled Hibernation  Hex/Ice        0%         N/A       99%         2
 Jinxbite                 Hex            0%         N/A       99%         2
 Passwall                 Tmut/Erth      0%         N/A       99%         2
 Scorch                   Fire           0%         2d5       99%         2
 Wereblood                Tmut           0%         N/A       99%         2
 Call Canine Familiar     Summ           0%         N/A       100%        3
 Confusing Touch          Hex            0%         N/A       100%        3
 Hailstorm                Conj/Ice       0%         3d3       100%        3
 Sigil of Binding         Hex            0%         N/A       100%        3
 Swiftness                Air            0%         N/A       100%        3
 Vampiric Draining        Necr           0%         2d6       100%        3
 Volatile Blastmotes      Fire/Tloc      0%         2d10      100%        3
 Airstrike                Air            0%         2d(0-16)  100%        4
 Animate Armour           Summ/Erth      0%         N/A       100%        4
 Dimensional Bullseye     Hex/Tloc       0%         N/A       100%        4
 Dispel Undead            Necr           0%         3d6       100%        4
 Leda's Liquefaction      Hex/Erth       0%         N/A       100%        4
 Summon Ice Beast         Ice/Summ       0%         N/A       100%        4
 Summon Lightning Spire   Summ/Air       0%         N/A       100%        4
 Agony                    Necr           0%         N/A       100%        5
 Alistair's Intoxication  Tmut/Pois      0%         N/A       100%        5
 Irradiate                Conj/Tmut      0%         3d11      100%        5
 Iskenderun's Battlesphe  Conj           0%         2d6       100%        5
 Lee's Rapid Deconstruct  Erth           0%         3d4*      100%        5
 Summon Forest            Summ/Tloc      0%         N/A       100%        5
 Eringya's Noxious Bog    Tmut/Pois      0%         4d6       100%        6
 Leda's Unmaking          Conj/Erth      0%         9d1       100%        6
 Simulacrum               Ice/Necr       0%         N/A       100%        6
 Spellforged Servitor     Conj/Summ      0%         N/A       100%        7
 Summon Hydra             Summ           0%         N/A       100%        7
 Chain Lightning          Conj/Air       0%         N/A       100%        9
 Fire Storm               Conj/Fire      0%         5d1       100%        9
 Polar Vortex             Ice            0%         N/A       100%        9
 Shatter                  Erth           0%         3d5*      100%        9


Dungeon Overview and Level Annotations

Branches:
Dungeon (11/15)            Temple (1/1) D:7            Lair (5/5) D:10
 Shoals (4/4) Lair:2       Spider (4/4) Lair:3        Slime (1/5) Lair:4
    Orc (2/2) D:11            Elf (2/3) Orc:2         IceCv (visited)
Desolation (visited)      Gauntlet (visited)

Altars:
Ashenzari
Cheibriados
Dithmenos
Fedhas
Gozag
Hepliaklqana
Kikubaaqudgha
Makhleb
Nemelex Xobeh
Okawaru
Qazlal
Ru
Sif Muna
Trog
Uskayaw
Vehumet
Wu Jian
Xom
Yredelemnul

Shops:
D:1 *   D:4 *   D:10 *   Orc:2 =((*   Elf:1 *:==   Shoals:1 *   Shoals:2 =
Shoals:4 [[(

Annotations:
Elf:2 Donald, Zenata


Innate Abilities, Weirdness & Mutations

You have hooves in place of feet.
You are completely covered in large bone plates. (SH +8)
Your demonic aura often causes spilled blood to erupt in flames.
You are mostly covered in sharp spines.


Message History

A blast of power from the earth and the +3 flail of protection strikes you!
You take 14 damage, and have 52/161 hp.
You feel very sick.
The +3 flail of protection is engulfed in blazing flames.
The +2 short sword of holy wrath is engulfed in blazing flames.
The +3 flail of protection is engulfed in blazing flames.
The +3 flail of protection hits you!
* * * LOW HITPOINT WARNING * * *
You hear some strange, mumbled words.
The +2 flail of venom is engulfed in blazing flames.
Zenata is engulfed in blazing flames.
You take 17 damage, and have 35/161 hp.
You feel better.
The +3 flail of protection is engulfed in blazing flames.
The +3 flail of protection hits you!
* * * LOW HITPOINT WARNING * * *
The deep elf blademaster hits you with a +0 quick blade.
* * * LOW HITPOINT WARNING * * *
You block the deep elf blademaster's attack.
The deep elf blademaster hits you but does no damage. x2
The +2 short sword of holy wrath is engulfed in blazing flames.
The +3 flail of protection is struck by your spines.
The +3 flail of protection hits you!
* * * LOW HITPOINT WARNING * * *
The deep elf blademaster is struck by your spines.
The deep elf blademaster hits you with a +0 quick blade.
* * * LOW HITPOINT WARNING * * *
The deep elf blademaster closely misses you.
You block the deep elf blademaster's attack.
The deep elf blademaster hits you but does no damage.
The +3 flail of protection barely misses you.
The +2 flail of venom is engulfed in blazing flames.
The +2 flail of venom hits you!
* * * LOW HITPOINT WARNING * * *
You are poisoned.
Strange mechanisms whir as Zenata focuses on you.
Zenata gestures at you while chanting.
A blast of power from the earth and the adjacent constructs strikes you!
You die...
Zenata says, "Let's see what's inside you."

...###..))....##
).## #.........##
### #..).......## #
#⌠..........## ....
######............#
....
.#.[.#......)...⌠.#
.....
.....##.....).....#
#(....
.#...###.....)....#
#...... ######
##.......@.#
......# ##
##..⌠..(e(##......#
.#
##.....(.°°(.....#
.#
#######)a°.......
.# #@......... ^#
............ .#
............. .#
..{............ ##
..e............


You could see Zenata, a deep elf blademaster, Donald (strong) and 3 dancing
weapons.

Vanquished Creatures
  The ghost of Supoed the Metamorph, a veteran HuBe of Trog (Elf:1)
  Arachne (Spider:2)
  The ghost of Ciuzocro the Blocker, an adept GnFi of Gozag (Shoals:2)
  The ghost of t4s4d4r the Wrestler, an adept TrFi of Okawaru (Shoals:4)
  A kraken (Shoals:2)
  An ancient champion (Elf:1)
  Gastronok (Lair:3)
  Agnes (Spider:2)
  Ilsuiw (Shoals:2)
  A deep elf sorcerer (Elf:1)
  An azure jelly (IceCv)
  7 emperor scorpions
  The ghost of Rethriojy the Scorcher, an adept GrEE of Vehumet (Spider:3)
  5 imperial myrmidons (Desolation)
  8 ghost moths
  A balrug (Gauntlet)
  A quicksilver ooze (IceCv)
  A halazid warlock (Desolation)
  A minotaur (Gauntlet)
  6 merfolk javelineers
  2 entropy weavers
  8 merfolk impalers
  9 ragged hierophants (Desolation)
  A deep elf high priest (Elf:1)
  Erolcha (Orc:2)
  5 hydras
  3 servants of whispers (Desolation)
  A catoblepas (Lair:5)
  A merfolk avatar (Shoals:4)
  A radroach (Spider:1)
  5 peacekeepers (Desolation)
  3 alligator snapping turtles
  5 merfolk aquamancers
  2 boulder beetles
  3 two-headed ogres
  11 dancing weapons
  5 satyrs
  2 death scarabs (Spider:4)
  8 death yaks
  4 demonic crawlers
  3 orc high priests (Orc:2)
  4 sun demons (Shoals:1)
  Urug (Lair:1)
  16 deep elf knights
  4 skysharks
  13 sea snakes
  2 pharaoh ants
  A sun moth (Spider:1)
  7 orb spiders
  7 deep elf archers
  3 wolf spider zombies (Spider:2)
  5 orc knights
  A spectral wolf spider (Spider:2)
  19 deep elf zephyrmancers
  29 wolf spiders
  8 steelbarb worms (Spider:4)
  15 harpies
  11 deep elf pyromancers
  6 ironbound convokers (Desolation)
  An ugly thing (D:11)
  16 manticores
  17 fauns
  2 moths of wrath
  4 cyclopes
  6 orc sorcerers (Orc:2)
  A guardian serpent (Desolation)
  16 merfolk sirens
  Maurice (D:11)
  An ice statue (IceCv)
  3 black mambas
  5 torpor snails
  12 cane toads
  A molten gargoyle (Desolation)
  2 rime drakes
  11 water nymphs
  6 komodo dragons
  3 trolls
  4 polar bears (Lair:5)
  23 merfolk
  5 wolf spider simulacra (Spider:2)
  18 tarantellas
  51 saltlings (Desolation)
  6 wind drakes
  3 hornets (Lair:5)
  36 blink frogs
  25 dream sheep
  7 snapping turtles
  20 jumping spiders
  Sigmund (D:4)
  2 air elementals
  23 slime creatures (IceCv)
  14 culicivoras
  2 centaur simulacra (Gauntlet)
  A shadow (D:8)
  3 wyverns
  A vampire (D:11)
  13 spriggans (Lair:5)
  A fire elemental (Elf:1)
  13 water elementals
  37 redbacks
  48 yaks
  5 basilisks
  A steam dragon (D:6)
  A death yak simulacrum (Lair:4)
  2 acid dragons (D:9)
  12 water moccasins
  A hell hound (Gauntlet)
  29 orc warriors
  2 ice beasts
  A sky beast (D:7)
  3 black bears
  2 great orb of eyes simulacra (IceCv)
  5 ogres
  5 boggarts (Lair:5)
  2 centaurs
  43 wolves
  4 phantoms
  5 slime creature simulacra (IceCv)
  2 kobold brigands
  14 bullfrogs
  2 gnoll sergeants
  2 cane toad simulacra
  4 scorpions
  3 glowing shapeshifter simulacra (IceCv)
  13 wights
  An elephant simulacrum (Lair:4)
  9 killer bees
  2 electric eels (Lair:3)
  3 howler monkeys (D:11)
  2 hounds
  A gnoll bouda (D:7)
  16 orc priests
  13 jellies
  2 sleepcaps
  An iguana (D:5)
  26 orc wizards
  4 hell rats (Lair:3)
  3 shapeshifter simulacra (IceCv)
  10 gnolls
  8 adders
  3 worms
  4 dart slugs
  84 orcs
  6 bats
  8 endoplasms
  3 giant cockroaches
  5 hobgoblins
  2 jackals (D:2)
  2 quokkas
  14 ball pythons
  6 frilled lizards
  8 goblins
  15 kobolds
  5 rats
  A butterfly (Lair:3)
  2 tentacles (Shoals:2)
1174 creatures vanquished.

Vanquished Creatures (collateral kills)
  Louise (Shoals:4)
  2 crystal guardians (Desolation)
  A servant of whispers (Desolation)
  A demonic crawler (Spider:2)
  3 death yaks (Lair:4)
  An orc knight (Orc:2)
  A culicivora (Spider:2)
  A redback (Spider:2)
11 creatures vanquished.

Vanquished Creatures (others)
  A harpy (Shoals:3)
  A water elemental (Shoals:3)
  A centaur (D:11)
  An orc priest (Orc:2)
  2 orc wizards
  An orc (Orc:2)
  4 tentacles (Shoals:2)
11 creatures vanquished.

Grand Total: 1196 creatures vanquished

Notes
Turn   | Place    | Note
-------+----------+-------------------------------------------
     0 | D:1      | Dirtsage the Demonspawn Berserker began the quest for the
                  | Orb.
     0 | D:1      | Reached XP level 1. HP: 18/18 MP: 1/1
   112 | D:1      | Found Moocimur's Assorted Antiques.
   361 | D:1      | Gained mutation: You are partially covered in sharp spines.
                  | [demonic ancestry]
   361 | D:1      | Reached XP level 2. HP: 21/24 MP: 2/2
   477 | D:1      | Found a faded altar of an unknown god.
   577 | D:1      | Reached skill level 3 in Axes
  1030 | D:2      | Gained mutation: You are partially covered in large bone
                  | plates. (SH +4) [demonic ancestry]
  1030 | D:2      | Reached XP level 3. HP: 29/29 MP: 3/3
  1145 | D:2      | Reached ** piety under Trog
  1826 | D:3      | Gained mutation: You have large cloven feet. [demonic
                  | ancestry]
  1826 | D:3      | Reached XP level 4. HP: 29/35 MP: 4/4
  2340 | D:3      | HP: 1/36 [gnoll/+0 flail (3)]
  2925 | D:3      | Reached skill level 4 in Axes
  3081 | D:4      | Reached XP level 5. HP: 42/42 MP: 5/5
  3421 | D:4      | Reached *** piety under Trog
  3521 | D:4      | Found Wyupig's General Store.
  3696 | D:4      | Gained mutation: You are mostly covered in sharp spines.
                  | [demonic ancestry]
  3696 | D:4      | Reached XP level 6. HP: 46/48 MP: 6/6
  3709 | D:4      | Noticed Sigmund
  3719 | D:4      | Killed Sigmund
  3720 | D:4      | Reached skill level 5 in Axes
  4068 | D:5      | Entered Level 5 of the Dungeon
  4125 | D:5      | Reached XP level 7. HP: 50/55 MP: 7/7
  4149 | D:5      | Reached skill level 6 in Axes
  4335 | D:5      | Found an iron altar of Okawaru.
  4404 | D:5      | Reached skill level 7 in Axes
  4756 | D:6      | Reached XP level 8. HP: 55/61 MP: 8/8
  4967 | D:6      | Reached skill level 8 in Axes
  4999 | D:6      | Identified a scroll of acquirement
  5003 | D:6      | Acquired the +2 buckler "Lukheud" {Rampage Regen+}
  5155 | D:6      | Reached skill level 9 in Axes
  5363 | D:6      | Found a hazy altar of Hepliaklqana.
  5507 | D:7      | Identified the ring "Pefot" {rElec rN+ Slay+3}
  5513 | D:7      | Found a staircase to the Ecumenical Temple.
  5560 | Temple   | Entered the Ecumenical Temple
  5577 | D:7      | Reached **** piety under Trog
  5700 | D:7      | Reached skill level 10 in Axes
  5807 | D:7      | Reached XP level 9. HP: 64/66 MP: 9/9
  6101 | D:7      | Reached skill level 11 in Axes
  6409 | D:8      | Found a broken altar of Ashenzari.
  6422 | D:8      | Reached skill level 1 in Evocations
  6424 | D:8      | Reached skill level 1 in Shields
  6464 | D:8      | Reached skill level 5 in Fighting
  6713 | D:8      | Found a basalt altar of Yredelemnul.
  6743 | D:8      | Noticed a profane servitor
  6749 | D:8      | Noticed an angel
  6782 | D:8      | Acquired a manual of Shields
  6957 | D:9      | Found a sparkling altar of Nemelex Xobeh.
  6993 | D:9      | Gained mutation: You are mostly covered in large bone
                  | plates. (SH +6) [demonic ancestry]
  6993 | D:9      | Reached XP level 10. HP: 74/74 MP: 10/10
  7211 | D:9      | Reached ***** piety under Trog
  7620 | D:9      | Found an ornate altar of the Wu Jian Council.
  7693 | D:10     | Entered Level 10 of the Dungeon
  7853 | D:10     | Noticed a two-headed ogre
  7862 | D:10     | Killed a two-headed ogre
  7863 | D:10     | Reached skill level 5 in Armour
  8137 | D:10     | Found Weryak's Mail-Order Catalogue.
  8524 | D:10     | Found a staircase to the Lair.
  8532 | D:10     | Reached skill level 5 in Shields
  8656 | D:11     | Noticed a white ugly thing
  8671 | D:11     | HP: 3/115 [white ugly thing (17)]
  8673 | D:11     | Killed a white ugly thing
  8674 | D:11     | Reached skill level 12 in Axes
  8775 | D:11     | Identified the +6 executioner's axe "Tayst" {heavy, rF+
                  | rC+} (Trog gifted it to you on level 11 of the Dungeon)
  8775 | D:11     | Received a gift from Trog
  8782 | D:11     | Reached XP level 11. HP: 81/83 MP: 11/11
  8833 | D:11     | Noticed Maurice
  8852 | D:11     | Killed Maurice
  8853 | D:11     | Reached skill level 5 in Evocations
  9407 | D:11     | Identified the +7 chain mail "Offikoz" {rF+}
  9427 | D:11     | Noticed a two-headed ogre
  9434 | D:11     | Killed a two-headed ogre
  9450 | D:11     | Found a staircase to the Orcish Mines.
  9532 | Lair:1   | Entered Level 1 of the Lair of Beasts
  9590 | Lair:1   | Noticed Urug
  9591 | Lair:1   | Paralysed by Urug for 5 turns
  9604 | Lair:1   | Killed Urug
  9930 | Lair:1   | Reached skill level 13 in Axes
  9952 | Lair:1   | You fall into a shaft and drop 1 floor!
 10015 | Lair:2   | Found a gate leading to a gauntlet.
 10024 | Gauntlet | Entered a Gauntlet
 10024 | Gauntlet | Found a transporter.
 10024 | Gauntlet | Found a transporter.
 10030 | Gauntlet | Found a transporter.
 10042 | Gauntlet | Found a transporter.
 10058 | Gauntlet | Noticed a balrug
 10060 | Gauntlet | Found a transporter.
 10060 | Gauntlet | Found a transporter.
 10060 | Gauntlet | Found a transporter.
 10062 | Gauntlet | Found a transporter.
 10063 | Gauntlet | Found a transporter.
 10064 | Gauntlet | Noticed a sixfirhy
 10072 | Gauntlet | Noticed a sixfirhy
 10081 | Gauntlet | Found a transporter.
 10089 | Gauntlet | Found a runed translucent door.
 10089 | Gauntlet | Noticed a death scarab
 10093 | Gauntlet | Found a transporter.
 10096 | Gauntlet | Noticed a death scarab
 10099 | Gauntlet | Noticed an entropy weaver
 10101 | Gauntlet | Noticed a wolf spider
 10102 | Gauntlet | Found a transporter.
 10112 | Gauntlet | Found a transporter.
 10156 | Gauntlet | Found a transporter.
 10368 | Gauntlet | Killed a balrug
 10369 | Gauntlet | Gained mutation: You have hoof-like feet. [demonic
                  | ancestry]
 10369 | Gauntlet | Reached XP level 12. HP: 67/92 MP: 12/12
 10409 | Gauntlet | Identified the +1 cloak of Ashirila {Will+ Slay+5}
 10450 | Gauntlet | Killed an entropy weaver
 10493 | Gauntlet | Identified the +1 helmet of Rotation {Will++}
 10523 | Gauntlet | Identified the +10 double sword of Diutaph {freeze, *Rage
                  | rElec SInv}
 10523 | Gauntlet | Noticed a minotaur
 10536 | Gauntlet | Killed a minotaur
 10564 | Gauntlet | Identified the staff of Honesty {rF+ Dex+2 Fire}
 10695 | Lair:2   | Noticed a six-headed hydra
 10726 | Lair:2   | Killed a six-headed hydra
 10817 | Lair:2   | Found a staircase to the Shoals.
 11332 | Lair:1   | Reached skill level 14 in Axes
 11655 | Lair:3   | Noticed Gastronok
 11674 | Lair:3   | Killed Gastronok
 11781 | Lair:3   | Noticed a death yak
 11781 | Lair:3   | Noticed a death yak
 11793 | Lair:3   | Noticed a death yak
 11799 | Lair:3   | Killed a death yak
 11807 | Lair:3   | Killed a death yak
 11814 | Lair:3   | Killed a death yak
 11815 | Lair:3   | Reached skill level 1 in Shapeshifting
 11815 | Lair:3   | Reached XP level 13. HP: 101/101 MP: 13/13
 12115 | Lair:3   | Found a hole to the Spider Nest.
 12170 | Lair:3   | Received a gift from Trog
 12599 | Spider:1 | Entered Level 1 of the Spider Nest
 12784 | Lair:4   | Reached skill level 10 in Shields
 12813 | Lair:4   | Found a staircase to the Slime Pits.
 12893 | Lair:4   | Found a frozen archway.
 12908 | IceCv    | Entered an ice cave
 12998 | IceCv    | Got the Meditations on Rime
 13051 | IceCv    | Reached ****** piety under Trog
 13194 | IceCv    | Found a viscous altar of Jiyva.
 13194 | IceCv    | Noticed an azure jelly
 13205 | IceCv    | Killed an azure jelly
 13265 | IceCv    | Noticed a quicksilver ooze
 13277 | IceCv    | Killed a quicksilver ooze
 13286 | IceCv    | Identified the +0 hat of Rumaeceb {rPois}
 13290 | IceCv    | Got the Volume of Chilblains
 13475 | Lair:4   | Reached skill level 15 in Axes
 13476 | Lair:4   | Reached skill level 10 in Fighting
 13481 | Lair:4   | Gained mutation: You have hooves in place of feet. [demonic
                  | ancestry]
 13481 | Lair:4   | Reached XP level 14. HP: 70/110 MP: 14/14
 14013 | Slime:1  | Entered Level 1 of the Pits of Slime
 14013 | Slime:1  | Noticed a rockslime
 14013 | Slime:1  | Noticed an azure jelly
 14044 | Lair:5   | Entered Level 5 of the Lair of Beasts
 14076 | Lair:5   | Reached skill level 5 in Shapeshifting
 14973 | Lair:5   | Received a gift from Trog
 15411 | Orc:1    | Entered Level 1 of the Orcish Mines
 15763 | Orc:2    | Entered Level 2 of the Orcish Mines
 15774 | Orc:2    | Noticed Erolcha
 15792 | Orc:2    | Killed Erolcha
 15814 | Orc:2    | Found a staircase to the Elven Halls.
 16212 | Orc:2    | Identified the +7 hand axe of Heniusae {flame, +Blink rC+
                  | Str+4 Dex-3} (Trog gifted it to you on level 2 of the
                  | Orcish Mines)
 16212 | Orc:2    | Received a gift from Trog
 16223 | Orc:2    | Gained mutation: Your demonic aura sometimes causes spilled
                  | blood to erupt in flames. [demonic ancestry]
 16223 | Orc:2    | Reached XP level 15. HP: 31/117 MP: 15/15
 16286 | Orc:2    | Found Noklaliusa's General Store.
 16286 | Orc:2    | Found Nonnenopt's Jewellery Shoppe.
 16288 | Orc:2    | Reached skill level 16 in Axes
 16298 | Orc:2    | Found Xeur Mor's Antique Weapon Boutique.
 16298 | Orc:2    | Found Zorriace's Weapon Shoppe.
 16304 | Orc:2    | Bought a scroll of blinking for 75 gold pieces
 16304 | Orc:2    | Bought a potion of ambrosia for 80 gold pieces
 16320 | Orc:2    | Bought the ring of Vaquxiwk {rPois rCorr EV+5 Str-3} for
                  | 604 gold pieces
 17126 | Spider:1 | Received a gift from Trog
 17154 | Spider:1 | Reached skill level 10 in Armour
 17723 | Spider:2 | Saving game... please wait.
 17914 | Spider:2 | Noticed an emperor scorpion
 17926 | Spider:2 | Killed an emperor scorpion
 18027 | Spider:2 | Noticed Agnes
 18030 | Spider:2 | Noticed Arachne
 18044 | Spider:2 | Killed Agnes
 18053 | Spider:2 | Killed Arachne
 18518 | Spider:3 | Received a gift from Trog
 18553 | Spider:3 | Gained mutation: You are completely covered in large bone
                  | plates. (SH +8) [demonic ancestry]
 18553 | Spider:3 | Reached XP level 16. HP: 61/127 MP: 16/16
 18622 | Spider:3 | Identified the +8 hand axe of Piyrph {protect, Fly rC+++
                  | Str-5 Dex-4}
 18632 | Spider:3 | Reached skill level 17 in Axes
 18822 | Spider:3 | Acquired a manual of Fighting
 18858 | Spider:3 | Found a runed translucent door.
 18858 | Spider:3 | Noticed Rethriojy's ghost (adept GrEE)
 18892 | Spider:3 | Killed Rethriojy's ghost
 18895 | Spider:3 | Identified the +5 short sword "Ysyunk" {heavy, rF- rN+++
                  | Dex-3 SInv}
 19098 | Spider:4 | Entered Level 4 of the Spider Nest
 19908 | Spider:4 | HP: 6/193 [something (7)]
 20195 | Spider:4 | Got a gossamer rune of Zot
 20365 | Spider:4 | Received a gift from Trog
 20755 | Shoals:1 | Entered Level 1 of the Shoals
 20958 | Shoals:1 | Found Ivvenai's Assorted Antiques.
 20982 | Shoals:1 | Bought an encrusted orb for 406 gold pieces
 20982 | Shoals:1 | Identified the orb of Wieg {light, Will+} (You bought it in
                  | a shop on level 1 of the Shoals)
 20982 | Shoals:1 | Bought a potion of might for 116 gold pieces
 20982 | Shoals:1 | Bought a scroll of teleportation for 87 gold pieces
 20982 | Shoals:1 | Bought a potion of invisibility for 232 gold pieces
 21283 | Shoals:1 | Reached skill level 18 in Axes
 21634 | Shoals:2 | Noticed Ilsuiw
 21644 | Shoals:2 | Found a large runed translucent door.
 21644 | Shoals:2 | Found a large runed translucent door.
 21655 | Shoals:2 | Reached XP level 17. HP: 119/137 MP: 17/17
 21655 | Shoals:2 | Noticed Ciuzocro's ghost (adept GnFi)
 21685 | Shoals:2 | Killed Ilsuiw
 21714 | Shoals:2 | Found Heojioti's Jewellery Boutique.
 21791 | Shoals:2 | Killed Ciuzocro's ghost
 22092 | Shoals:2 | Acquired a manual of Shields
 22137 | Shoals:2 | Received a gift from Trog
 22271 | Shoals:2 | Noticed a kraken
 22285 | Shoals:2 | Killed a kraken
 23206 | Shoals:3 | Received a gift from Trog
 23214 | Shoals:3 | Reached skill level 15 in Fighting
 23460 | Shoals:4 | Entered Level 4 of the Shoals
 23545 | Shoals:4 | Reached skill level 10 in Shapeshifting
 23557 | Shoals:4 | Found Wubrexiz's Antique Weapon Shop.
 23578 | Shoals:4 | HP: 6/142 [cyclops (72)]
 23692 | Shoals:4 | Received a gift from Trog
 23712 | Shoals:4 | Reached skill level 15 in Shields
 23878 | Shoals:4 | Found Faubir's Armour Shoppe.
 24003 | Shoals:4 | Noticed Louise
 24012 | Shoals:4 | Killed Louise
 24043 | Shoals:4 | Found a runed translucent gate.
 24059 | Shoals:4 | Found a runed translucent gate.
 24190 | Shoals:4 | Found Acecvi's Armour Emporium.
 24411 | Shoals:4 | Found a runed translucent gate.
 24412 | Shoals:4 | Noticed t4s4d4r's ghost (adept TrFi)
 24424 | Shoals:4 | Got a barnacled rune of Zot
 24515 | Shoals:4 | Reached XP level 18. HP: 145/151 MP: 18/18
 24675 | Shoals:4 | Found the +3 salamander hide armour {Flames, rFlCloud rF++
                  | rC--}
 24829 | Shoals:4 | Killed t4s4d4r's ghost
 25098 | Elf:1    | Entered Level 1 of the Elven Halls
 25417 | Elf:1    | Noticed Supoed's ghost (veteran HuBe)
 25601 | Elf:1    | Received a gift from Trog
 25683 | Elf:1    | Found a runed translucent door.
 25704 | Elf:1    | Paralysed by an air elemental for 1 turns
 25709 | Elf:1    | Found Eryw's Jewellery Shoppe.
 25710 | Elf:1    | Found Kuluaptah's Book Boutique.
 25711 | Elf:1    | Found Musha's Jewellery Shoppe.
 25908 | Elf:1    | Found Zarphuira's Assorted Antiques.
 26282 | Elf:1    | Killed Supoed's ghost
 26366 | Elf:2    | Paralysed by an air elemental for 1 turns
 26492 | Elf:2    | Found a crumbling gateway.
 26539 | Desolati | Entered the Desolation of Salt
 26610 | Desolati | Identified the ring "Liryt" {rElec rCorr Int+6 Slay+2}
 26694 | Desolati | Received a gift from Trog
 26810 | Desolati | Identified the amulet "Butz" {RegenMP Fly rPois rN++}
 26814 | Desolati | Identified the +11 great mace of Rubbish {drain, Stlth+}
 26890 | Desolati | Identified the ring of Xom's Amusement {rN+ Str+2 Dex+3}
 26909 | Desolati | Identified the orb of Sin {guile, Regen+ Dex+2}
 26976 | Desolati | Gained mutation: Your demonic aura often causes spilled
                  | blood to erupt in flames. [demonic ancestry]
 26976 | Desolati | Reached XP level 19. HP: 161/161 MP: 19/19
 27014 | Desolati | Identified the +1 plate armour of Seonybo {Contam Rampage
                  | Str+2 Int+5 Stlth+}
 27021 | Desolati | Got the Elucidation of the Dislocated Inferno
 27320 | Desolati | Identified the +3 plate armour "Idaonn Ysche" {rF++ Int-2}
 27470 | Elf:2    | Identified the +2 lajatang of Guile {heavy, *Noise Dex+7}
                  | (Trog gifted it to you on level 2 of the Elven Halls)
 27470 | Elf:2    | Received a gift from Trog
 27476 | Elf:2    | Found a runed translucent gate.
 27477 | Elf:2    | Found a runed translucent gate.
 27477 | Elf:2    | Found a runed translucent gate.
 27666 | Elf:2    | Noticed Zenata
 27668 | Elf:2    | Noticed Donald
 27674 | Elf:2    | HP: 7/161 [+2 flail of venom[Zenata] (8)]
 27674 | Elf:2    | Killed from afar by Zenata

Illustrated notes

Levels and vault maps discovered:
D:1:      denvon_arrival_planthouse, layout_basic, serial_shops, shop_fountains,
          hellmonk_ecumenical_altar_prayer_group, minmay_misc_feat_hallway
D:2:      minmay_angry_zag, layout_rooms
D:3:      layout_basic
D:4:      layout_gridville, serial_shops, shop, uniq_sigmund
D:5:      layout_cave_pools, okawaru_ov_weapons_minmay, serial_bayou,
          serial_bayou_lagoon_a, serial_bayou_shore_a, serial_bayou_pond_c,
          serial_bayou_pond_a
D:6:      layout_rooms, mainiacjoe_overflow_surrounded_room
D:7:      layout_layer_cave, minmay_temple_entry_glass
D:8:      layout_rooms, ashenzari_altar_1, grunt_temple_overflow_holy_war
D:9:      layout_roguey, pdpol_wu_jian_five_deadly_venoms,
          nemelex_xobeh_ov_fountains_minmay
D:10:     layout_loops_corners, grunt_lair_entry_orc_guard_hut,
          monkooky_shop_mail_order
D:11:     layout_loops_ring, david_orc_4, lemuel_nasty_fountain, uniq_maurice
Temple:   regret_index_temple_waves
Lair:1:   layout_gridlike, grunt_megastairs_1, uniq_urug
Lair:2:   layout_gridlike, minmay_shoals_entry_hut, gauntlet_entry_generic,
          chequers_serial_rivers_large_a
Lair:3:   layout_roguey, dummy_spider_entry, wad_woods_river_02,
          lemuel_fruit_fields, lemuel_fruit_fields, uniq_gastronok
Lair:4:   layout_gridlike, minmay_slime_entry_jelly_boxes,
          portal_ice_cave_entry_ice_simulacra, grunt_megastairs_4
Lair:5:   minmay_lair_end_enchanted_forest, layout_regular_city
Shoals:1: layout_shoals, serial_shops, shop, nicolae_shoals_sun_and_surf
Shoals:2: layout_shoals, serial_shops, shop, ebering_ghost_disaster_area,
          uniq_ilsuiw
Shoals:3: layout_shoals
Shoals:4: shoals_end_simple, layout_shoals, ebering_ghost_rock_garden,
          serial_shops, nicolae_shop_behind_doors,
          nicolae_shop_advertising_works [nicolae_subvault_shop_adworks], shop,
          uniq_louise
Spider:1: layout_spider_delve, nicolae_spider_eight_legs
Spider:2: layout_spider_delve, nicolae_spider_undead_wolf_pack, uniq_agnes,
          uniq_arachne
Spider:3: layout_spider_delve, gammafunk_ghost_grave,
          nicolae_spider_webs_and_nodes, spiders_nest_hornet_nest
Spider:4: grunt_spider_rune_circles
Slime:1:  layout_caves, special_room [special_room_jelly]
Orc:1:    layout_caves
Orc:2:    grunt_orc_tribal_feast, layout_diamond_mine, mines1_david,
          uniq_erolcha
Elf:1:    minmay_elf_arrival_circle, layout_loops_corners, serial_shops, shop,
          hellmonk_ghost_big_iron, hangedman_elf_represent,
          serial_sigils_hangedman_gnaw, minmay_shop_grove
Elf:2:    nicolae_elf_blades_crystal_corner, layout_loops_cross,
          portal_desolation_entry_nicolae_slug, uniq_donald, uniq_zenata

Skill      XL: |  1  2  3  4  5  6  7  8  9 10 11 12 13 14 15 16 17 18 19 |
---------------+----------------------------------------------------------+-----
Armour         | 2 3 4 5 7 8 9 10 11 12 13 | 13.5
Axes           | 3 4 5 7 10 11 12 13 14 15 16 18 | 18.7
Fighting       | 4 5 6 8 9 10 11 13 15 17 | 17.5
Evocations     | 2 4 6 7 8 9 |  9.2
Shields        | 2 5 7 9 10 11 12 13 15 16 | 16.6
Shapeshifting  | 1 4 6 8 9 10 11 12 | 12.2
Dodging        | |  1.9

Action                     |  1- 3 |  4- 6 |  7- 9 | 10-12 | 13-15 | 16-18 | 19-21 || total
---------------------------+-------+-------+-------+-------+-------+-------+-------++-------
  Melee: Hand axe          |   105 |    88 |    62 |       |       |   821 |       ||  1076
         Punch             |     1 |     1 |     1 |       |       |       |       ||     3
         Kick              |       |    22 |    67 |     9 |   319 |   552 |    24 ||   993
         War axe           |       |       |   160 |   304 |       |       |       ||   464
         Broad axe         |       |       |       |   151 |  1100 |   533 |    61 ||  1845
         Eveningstar       |       |       |       |    36 |    25 |       |       ||    61
  Throw: Dart              |       |       |       |     1 |       |       |       ||     1
 Invoke: Berserk           |     1 |     4 |     6 |     9 |    10 |     9 |       ||    39
         Trog's Hand       |       |       |     1 |       |       |     2 |       ||     3
         Brothers in Arms  |       |       |       |       |     4 |     3 |       ||     7
  Evoke: Wand              |       |       |     3 |     4 |     6 |     1 |       ||    14
    Use: Potion            |       |     2 |     3 |       |     1 |     2 |     1 ||     9
         Scroll            |       |       |    15 |     7 |     6 |     8 |     1 ||    37
   Stab: Paralysed         |       |       |       |     3 |       |       |       ||     3
         Distracted        |       |       |       |       |     1 |       |       ||     1
         Petrified         |       |       |       |       |     1 |       |       ||     1
 Armour: Animal skin       |    29 |       |       |       |       |       |       ||    29
         Ring mail         |    18 |    46 |    12 |       |       |       |       ||    76
         Scale mail        |       |       |   112 |       |       |       |       ||   112
         Acid dragon scale |       |       |     6 |    89 |       |       |       ||    95
         Chain mail        |       |       |       |   171 |   709 |   823 |    12 ||  1715
         Plate armour      |       |       |       |       |       |       |    39 ||    39
  Dodge: Dodged            |    41 |    39 |    80 |    98 |   331 |   385 |     9 ||   983
         Repelled          |       |       |     1 |     1 |       |     5 |       ||     7
  Block: Other             |     4 |    15 |     9 |       |       |       |       ||    28
         Buckler           |       |       |    77 |   260 |   739 |  1029 |    46 ||  2151
         Reflection        |       |       |       |       |       |    70 |       ||    70

Table legend: (Time is in decaauts)
 A = Elapsed time spent in this place.
 B = Non-inter-level travel time spent in this place.
 C = Inter-level travel time spent in this place.
 D = Time resting spent in this place.
 E = Time spent auto-exploring this place.
 F = Levels seen in this place.
 G = Mean time per level.
                   A        B        C        D        E       F      G
               +--------+--------+--------+--------+--------+-----+--------+
         Total |  27494 |  25724 |   1770 |   1647 |  17910 |  33 |  833.2 |
       Dungeon |   9873 |   9201 |    672 |    525 |   7278 |  11 |  897.5 |
        Temple |      2 |      2 |      0 |      0 |      0 |   1 |    2.0 |
          Lair |   4828 |   4442 |    386 |     75 |   3018 |   5 |  965.6 |
        Shoals |   3932 |   3671 |    261 |    219 |   2558 |   4 |  983.0 |
   Spider Nest |   3710 |   3479 |    231 |    436 |   2218 |   4 |  927.5 |
    Slime Pits |      1 |      1 |      0 |      0 |      0 |   1 |    1.0 |
  Orcish Mines |   1402 |   1221 |    181 |    113 |    827 |   2 |  701.0 |
   Elven Halls |   1769 |   1731 |     38 |     28 |   1317 |   2 |  884.5 |
      Ice Cave |    537 |    537 |      0 |     70 |    158 |   1 |  537.0 |
    Desolation |    846 |    846 |      0 |     87 |    438 |   1 |  846.0 |
      Gauntlet |    591 |    591 |      0 |     90 |     97 |   1 |  591.0 |
               +--------+--------+--------+--------+--------+-----+--------+

Top non-repeatable levels by time:
     D:3: 1520 daAuts
Spider:4: 1465 daAuts
Shoals:4: 1276 daAuts
   Elf:1: 1268 daAuts
  Lair:5: 1202 daAuts
  Lair:3: 1087 daAuts
    D:11: 1034 daAuts
    D:10: 1031 daAuts
     D:4: 1026 daAuts
Shoals:3: 997 daAuts
     D:1: 931 daAuts
  Lair:4: 903 daAuts
   Orc:2: 898 daAuts
     D:7: 879 daAuts
  Lair:2: 878 daAuts
